cohdb
Replays
Latest Replays
All Replays
Popular Replays
Top Player Replays
Match Explorer
How It Works
Community
CoH3 Stats
Reddit
Sign in to upload your games and track your stats! →
Sign in with Steam
Match 43821522
Unlisted
Match 43821522
Overview
Messages
Build Orders
End
Construct Infanterie Kompanie
MG 42 Machine Gun Team
Selects Breakthrough Battlegroup
Selects Assault Grenadiers
Grenadier Squad
MG 42 Machine Gun Team
GrW 34 Mortar Team
Grenadier Squad
Medical Station
Construct Luftwaffe Kompanie
Support Elements
Marder III M Tank Destroyer
Jäger Squad
Pioneer Squad
Selects 2.5-tonne Cargo Truck
Selects Blitzkrieg
Selects Smoke Bombing Run
Selects Panzer IV Command Tank Sd.Kfz. 161/1
Panzer IV Command Tank
Grenadier Squad
MG 42 Machine Gun Team
GranatenGünther
Tristan
Vergil
剩者为王
An.Ritter
JT
0
0
Comments
sign in to comment!
No comments posted yet!